 Dungeon Crawl Stone Soup version 0.20.0-15-g7f486f2 (webtiles) character file.

256092 Monsterracer the Brawler (level 19, -10/192 (193) HPs)
             Began as a Troll Monk on June 27, 2017.
             Was the Champion of Ru.
             Mangled by an ice dragon (12 damage)
             ... on level 14 of the Dungeon on June 28, 2017.
             The game lasted 01:59:36 (39471 turns).

Monsterracer the Brawler (Troll Monk)              Turns: 39471, Time: 01:59:37

HP:   -10/192 (193) AC:  0    Str: 26    XL:     19   Next: 6%
MP:   11/16         EV: 21    Int:  6    God:    Ru [******]
Gold: 1715          SH: 21    Dex: 18    Spells: 9/18 levels left

rFire    + . .     SeeInvis +     - Unarmed
rCold    + . .     Gourm    +   P - +2 large shield {AC+3}
rNeg     . . .     Faith    .   l - +2 robe {MR+}
rPois    .         Spirit   .   I - +2 hat {SInv}
rElec    .         Reflect  .   F - +1 cloak {MR+}
rCorr    .         Harm     .   (gloves unavailable)
MR       +++..                  (boots unavailable)
Stlth    ++........             (no amulet)
Regen    0.9/turn               h - +3 ring of evasion
MPRegen  0.2/turn               k - ring of protection from fire

@: exhausted, corroded, no scrolls
A: unfitting armour, claws 3, thin metallic scales 1, cold resistance 1, fast
metabolism 3, gourmand, low mp 1, regeneration 1, shaggy fur 1, strong 1, tough
skin 2, inability to read while threatened, inability to use devices, hated by
all, inability to train armour, no hexes magic, no poison magic, no summoning
magic, disrupted magic 1
}: 2/15 runes: decaying, serpentine
a: Draw Out Power, Power Leap, Apocalypse, Renounce Religion


You were on level 14 of the Dungeon.
You worshipped Ru.
Ru was exalted by your worship.
You were very full.

You visited 7 branches of the dungeon, and saw 33 of its levels.

You collected 3650 gold pieces.
You spent 1935 gold pieces at shops.

Inventory:

Missiles
 u - 26 tomahawks (quivered)
 y - 3 javelins
 A - 26 large rocks
 C - 6 tomahawks of returning
 H - 3 throwing nets
 N - 3 javelins of returning
Armour
 l - a +2 robe of magic resistance (worn)
 z - a +2 robe of fire resistance
 E - a +1 shield of fire resistance
 F - a +1 cloak of magic resistance (worn)
 I - a +2 hat of see invisible (worn)
 P - a +2 large shield of protection (worn)
Jewellery
 e - an uncursed ring of protection from cold
 h - a +3 ring of evasion (left claw)
 k - a ring of protection from fire (right claw)
 D - an uncursed ring of positive energy
Scrolls
 d - 33 scrolls of identify
 g - 19 scrolls of teleportation
 m - 11 scrolls of remove curse
 n - 2 scrolls of blinking
 v - 4 scrolls of magic mapping
 B - 6 scrolls of immolation
 L - a scroll of fear
 O - a scroll of fog
Potions
 f - 10 potions of mutation
 j - 5 potions of curing
 o - a potion of magic
 q - 6 potions of haste
 s - 4 potions of might
 t - 11 potions of heal wounds
 w - 8 potions of flight
 x - 3 potions of cancellation
 J - 2 potions of lignification
 K - a potion of ambrosia
 M - 2 potions of berserk rage
 Q - a potion of agility
Comestibles
 b - 20 bread rations
 c - 14 fruits
 p - 15 meat rations
 r - 17 royal jellies


   Skills:
 + Level 13.0 Fighting
 + Level 13.0 Throwing
 + Level 13.3 Dodging
 - Level 1.0 Stealth
 + Level 11.3 Shields
 * Level 20.7 Unarmed Combat


You had 9 spell levels left.
You knew the following spells:

 Your Spells              Type           Power        Failure   Level  Hunger
a - Passwall              Tmut/Erth      #.........   90%         2    ###....
b - Swiftness             Chrm/Air       #.......     90%         2    ###....
c - Regeneration          Chrm/Necr      #.........   98%         3    ####...
d - Blink                 Tloc           N/A          90%         2    ###....


Dungeon Overview and Level Annotations

Branches:
Dungeon (15/15)            Temple (1/1) D:6            Lair (6/6) D:11
  Swamp (4/4) Lair:4        Snake (4/4) Lair:3        Slime (0/5) Lair:6
    Orc (2/2) D:11            Elf (0/3) Orc:2        Vaults (1/5) D:14
 Depths (0/5) D:15

Altars:
Ashenzari
Cheibriados
Dithmenos
Elyvilon
Fedhas
Gozag
Hepliaklqana
Kikubaaqudgha
Makhleb
Nemelex Xobeh
Okawaru
Qazlal
Ru
Sif Muna
Trog
Uskayaw
Vehumet
Xom
Yredelemnul
Zin
The Shining One

Shops:
D:10 *   D:12 *   Orc:2 =(*!   Snake:1 :!

Annotations:
D:4 Edmund
Lair:2 exclusion: oklob plant


Innate Abilities, Weirdness & Mutations

You are too large for most types of armour.
You have claws for hands.
Your metabolism is lightning-fast.
You like to eat raw meat.
Your magical capacity is low. (-10% MP)
Your natural rate of healing is unusually fast.
You are covered in fur. (AC +1)
You have very tough skin. (AC +2)
You cannot read scrolls while threatened.
You cannot study or use magical devices.
You are hated by all.
You cannot train Armour skill.
You cannot study or cast Hexes magic.
You cannot study or cast Poison magic.
You cannot study or cast Summoning magic.
Your casting is slightly disrupted.
You are partially covered in thin metallic scales. (AC +2)
Your flesh is cold resistant. (rC+)
Your muscles are strong. (Str +2)


Message History

The ice dragon is almost dead.
You block the ice dragon's attack. x2; The ice dragon completely misses you.
You scratch the ice dragon but do no damage.
The ice dragon is almost dead.
The ice dragon breathes frost at you. The blast of cold hits you! You resist.
* * * LOW HITPOINT WARNING * * *
Huge Dmg: -10%(-19hp) hp: 1%(1hp)
You aren't carrying any items that you can evoke.
Fire/throw which item? (* to show all) (? for menu, Esc to quit)
Okay, then.
Okay, then.
Fire/throw which item? (* to show all) (? for menu, Esc to quit)
Press: ? - help, Shift-Dir - straight line, f - ice dragon
Aim: an ice dragon (almost dead, softly glowing, catching its breath, blind)
You throw a tomahawk.
The tomahawk barely misses the ice dragon.
You block the ice dragon's attack. The ice dragon misses you.
The ice dragon tramples you!
You die...

##.###### #.# #.......# #####.###
#..####.###############........
#..# #...............#.###.###
###..# ###.............#.# #.[..
..#..# #.#...........#.# #####
#.#..######(#...........#.#######
.>......).)......................
#.#..######.#...@D<[...(#.#######
.....# #.#....<∩)....#.# #.#..#
#.#....).)....#.# #.#.##
#.#...........#.# #.#.#
#.#.........(.#.#
#.#.#######.#...........#.#######
#................................
#.#.#.################..#########
#.#.#.# ##.# #######


You could see an ice dragon (blind).

Vanquished Creatures
  Nikola (Swamp:1)
  Jorgrun (Snake:4)
  Rupert (Lair:4)
  Gastronok (Lair:2)
  A thorn hunter (Swamp:3)
  Kirke (Swamp:1)
  Roxanne (Swamp:2)
  Donald (Swamp:1)
  15 nagarajas (Snake:4)
  A fire giant (Vaults:1)
  Aizul (Vaults:1)
  3 vault wardens (Vaults:1)
  2 deep elf sorcerers
  5 ironheart preservers
  2 very ugly things (Swamp:4)
  An entropy weaver (D:14)
  A deep elf demonologist (Vaults:1)
  2 deep elf annihilators (Vaults:1)
  The ghost of Agrougrou the Cleaver, a journeyman DsFi of Okawaru (D:15)
  2 green deaths (Swamp:4)
  2 fire dragons
  A death ooze (Swamp:4)
  A yaktaur captain (Vaults:1)
  Erolcha (D:12)
  27 naga warriors
  An ice dragon (Lair:6)
  17 hydras
  2 hell beasts (Swamp:4)
  A ghost crab (Swamp:3)
  Harold (Lair:4)
  4 centaur warriors
  The ghost of VajrapaniSR the Cleaver, a novice DDFi of Makhleb (Lair:1)
  9 anacondas
  9 alligators
  7 two-headed ogres
  4 orc high priests
  A tengu warrior (D:14)
  16 naga sharpshooters
  2 thrashing horrors (Swamp:4)
  3 deep elf knights (Vaults:1)
  3 shock serpents
  Nergalle (Lair:1)
  5 skeletal warriors (D:12)
  3 salamander mystics
  A fire crab (Lair:6)
  2 unseen horrors
  10 naga ritualists
  A deep troll (Vaults:1)
  3 spriggan druids
  3 shambling mangroves
  9 swamp dragons
  Pikel (D:8)
  7 deep elf magi
  A lindwurm (Lair:6)
  A wolf spider (Vaults:1)
  6 mana vipers
  A necromancer (Vaults:1)
  A salamander (shapeshifter) (Vaults:1)
  20 ugly things
  7 orc knights
  11 salamanders
  4 cyclopes
  5 orc sorcerers
  A moth of wrath (shapeshifter) (D:15)
  Maurice (Orc:2)
  A centaur skeleton (D:14)
  2 vault sentinels
  27 black mambas
  12 naga magi
  Joseph (D:10)
  3 orange demons (Swamp:4)
  9 elephants
  Psyche (D:8)
  7 guardian serpents
  19 spiny frogs
  2 rime drakes
  A komodo dragon (shapeshifter) (D:13)
  6 torpor snails
  10 yaktaurs (Vaults:1)
  11 komodo dragons
  2 polar bears
  14 tyrant leeches
  10 trolls
  A tengu conjurer (D:14)
  Grinder (D:4)
  4 dream sheep (Lair:5)
  5 hippogriffs
  15 hornets
  A blink frog (shapeshifter) (D:15)
  14 bog bodies
  A dream sheep (shapeshifter) (Vaults:1)
  7 blink frogs
  17 slime creatures
  A meliai zombie (D:13)
  7 spriggans
  2 water elementals (D:11)
  A wyvern (D:10)
  3 shadows
  A vampire (D:11)
  39 yaks
  2 wraiths
  A basilisk (D:12)
  A basilisk (shapeshifter) (Vaults:1)
  A steam dragon (Lair:6)
  7 hogs
  18 humans
  2 hungry ghosts
  35 vampire mosquitoes
  23 swamp worms
  2 soldier ants (D:13)
  8 insubstantial wisps
  61 nagas
  2 wargs
  4 acid dragons (Lair:6)
  A naga (shapeshifter) (D:15)
  A floating eye (shapeshifter) (D:14)
  21 water moccasins
  5 porcupines
  27 orc warriors
  2 black bears
  7 swamp drakes
  3 eyes of draining
  5 ice beasts
  16 ogres
  2 phantoms
  A slave (D:8)
  4 boggarts (D:15)
  3 sky beasts
  A small abomination (Swamp:4)
  14 crocodiles
  6 centaurs
  13 wolves
  A big kobold (D:9)
  19 bullfrogs
  2 gnoll sergeants
  A wyvern skeleton (D:10)
  4 scorpions
  13 killer bees
  8 wights
  3 howler monkeys (D:9)
  4 electric eels
  2 crimson imps
  10 hounds
  A quasit (D:10)
  2 bullfrog zombies
  8 jellies
  17 orc priests
  Crazy Yiuf (D:6)
  6 gnoll shamans (D:3)
  A bullfrog skeleton (D:12)
  7 iguanas
  Ijyb (D:5)
  6 worker ants
  31 orc wizards
  2 hound skeletons
  2 worker ant zombies
  20 adders
  38 gnolls
  A howler monkey skeleton (D:4)
  A shadow imp (D:13)
  2 oozes
  2 adder skeletons
  3 worms
  4 dart slugs
  2 leopard geckos
  120 orcs
  6 bats
  2 giant cockroaches
  8 goblins
  5 hobgoblins
  24 jackals
  4 quokkas
  4 ball pythons
  A ball python skeleton (D:4)
  2 frilled lizards (D:3)
  14 kobolds
  A leopard gecko skeleton (D:4)
  3 quokka skeletons
  5 rats
  A fungus (Lair:5)
  A plant (Lair:6)
1245 creatures vanquished.

Vanquished Creatures (others)
  2 hydras
  A naga warrior (Snake:4)
  An alligator (Swamp:1)
  A shock serpent (Snake:4)
  A naga sharpshooter (Snake:2)
  A salamander (Snake:4)
  2 naga magi
  A komodo dragon (Lair:2)
  A yaktaur (Vaults:1)
  A wyvern (D:11)
  A vampire mosquito (D:12)
  A naga (Snake:4)
  A swamp worm (Swamp:1)
  A porcupine (Lair:1)
  A slave (D:8)
  2 orcs
  4 fungi
  12 plants
35 creatures vanquished.

Grand Total: 1280 creatures vanquished

Notes
Turn   | Place    | Note
-------+----------+-------------------------------------------
     0 | D:1      | Monsterracer the Troll Monk began the quest for the Orb.
     0 | D:1      | Reached XP level 1. HP: 22/22 MP: 0/0
   454 | D:1      | Reached XP level 2. HP: 28/29 MP: 1/1
  1062 | D:1      | Reached skill level 4 in Unarmed Combat
  1231 | D:2      | Reached XP level 3. HP: 36/36 MP: 2/2
  1236 | D:2      | Gained mutation: You are partially covered in thin metallic scales. (AC +2) [potion of mutation]
  1236 | D:2      | Gained mutation: Your muscles are strong. (Str +2) [potion of mutation]
  1568 | D:2      | You fall through a shaft for 2 floors!
  1701 | D:4      | Reached skill level 5 in Unarmed Combat
  1701 | D:4      | Reached XP level 4. HP: 44/44 MP: 3/3
  1851 | D:3      | Reached XP level 5. HP: 50/50 MP: 4/4
  1915 | D:3      | Reached skill level 6 in Unarmed Combat
  2422 | D:3      | Reached XP level 6. HP: 34/59 MP: 5/5
  2817 | D:3      | Reached skill level 7 in Unarmed Combat
  2869 | D:3      | Reached XP level 7. HP: 40/67 MP: 6/6
  3259 | D:4      | Noticed Grinder
  3268 | D:4      | Killed Grinder
  3268 | D:4      | Reached skill level 8 in Unarmed Combat
  3268 | D:4      | Reached XP level 8. HP: 58/78 MP: 7/7
  3621 | D:4      | Noticed Edmund
  4072 | D:5      | Entered Level 5 of the Dungeon
  4106 | D:5      | Reached skill level 9 in Unarmed Combat
  4249 | D:5      | Noticed Ijyb
  4257 | D:5      | Killed Ijyb
  4914 | D:6      | Reached skill level 5 in Fighting
  5059 | D:6      | Found a staircase to the Ecumenical Temple.
  5116 | Temple   | Entered the Ecumenical Temple
  5227 | Temple   | Became a worshipper of Ru the Awakened
  5236 | Temple   | Fell from the grace of Ru
  5245 | Temple   | Became a worshipper of Ru the Awakened
  5493 | D:6      | Reached skill level 5 in Dodging
  5493 | D:6      | Reached XP level 9. HP: 82/88 MP: 8/8
  5778 | D:6      | Reached skill level 1 in Throwing
  5921 | D:6      | Found a runed door.
  6108 | D:6      | Noticed Crazy Yiuf
  6113 | D:6      | Killed Crazy Yiuf
  6322 | D:7      | Reached skill level 10 in Unarmed Combat
  7148 | D:8      | Gained mutation: You cannot study or cast Poison magic. [Ru sacrifice]
  7148 | D:8      | Gained mutation: You cannot study or cast Hexes magic. [Ru sacrifice]
  7148 | D:8      | Gained mutation: You cannot study or cast Summoning magic. [Ru sacrifice]
  7148 | D:8      | Reached * piety under Ru
  7202 | D:8      | Noticed Pikel
  7206 | D:8      | Noticed Psyche
  7206 | D:8      | Killed Pikel
  7206 | D:8      | Reached skill level 11 in Unarmed Combat
  7206 | D:8      | Reached XP level 10. HP: 92/98 MP: 9/9
  7220 | D:8      | Killed Psyche
  7308 | D:8      | Learned a level 2 spell: Passwall
  7730 | D:8      | Noticed a two-headed ogre
  7739 | D:8      | Killed a two-headed ogre
  7856 | D:9      | Noticed a two-headed ogre
  7860 | D:9      | Learned a level 2 spell: Swiftness
  7872 | D:9      | Killed a two-headed ogre
  8104 | D:9      | Reached skill level 12 in Unarmed Combat
  8200 | D:9      | Reached XP level 11. HP: 97/107 MP: 10/10
  8390 | D:9      | Reached skill level 5 in Throwing
  8402 | D:9      | Gained mutation: You cannot read scrolls while threatened. [Ru sacrifice]
  8402 | D:9      | Reached ** piety under Ru
  8429 | D:9      | Noticed a five-headed hydra
  8436 | D:9      | Killed a five-headed hydra
  8524 | D:9      | Noticed a five-headed hydra
  8528 | D:9      | Killed a six-headed hydra
  8612 | D:9      | Noticed an eight-headed hydra
  8719 | D:9      | Got a clouded silver ring
  8721 | D:9      | Identified the ring "Ajil" {*Tele rN+ Int+2 SInv} (You found it on level 9 of the Dungeon)
  9094 | D:10     | Entered Level 10 of the Dungeon
  9454 | D:10     | Found Dueblyull's General Store.
  9455 | D:10     | Noticed Joseph
  9464 | D:10     | Killed Joseph
 10117 | D:11     | Gained mutation: You cannot train Armour skill. [Ru sacrifice]
 10117 | D:11     | Reached *** piety under Ru
 10151 | D:11     | Reached skill level 13 in Unarmed Combat
 10346 | D:11     | Found a staircase to the Lair.
 10410 | D:11     | Identified a scroll of acquirement
 10720 | D:11     | Found a staircase to the Orcish Mines.
 10889 | D:11     | Noticed a deep elf mage
 10891 | D:11     | Killed a deep elf mage
 10967 | Lair:1   | Entered Level 1 of the Lair of Beasts
 11020 | Lair:1   | Reached XP level 12. HP: 97/119 MP: 11/11
 11077 | Lair:1   | Noticed Nergalle
 11087 | Lair:1   | Killed Nergalle
 11098 | Lair:1   | Noticed VajrapaniSR's ghost (novice DDFi)
 11114 | Lair:1   | Killed VajrapaniSR's ghost
 11913 | Lair:1   | Learned a level 3 spell: Regeneration
 12449 | Lair:2   | Noticed Gastronok
 12469 | Lair:2   | Killed Gastronok
 12469 | Lair:2   | Reached skill level 14 in Unarmed Combat
 12536 | Lair:2   | Noticed a five-headed hydra
 12580 | Lair:1   | Killed a ten-headed hydra
 12770 | Lair:2   | Noticed a six-headed hydra
 12778 | Lair:2   | Killed a six-headed hydra
 13666 | Lair:3   | Noticed a six-headed hydra
 13669 | Lair:3   | Killed a six-headed hydra
 13792 | Lair:3   | Reached XP level 13. HP: 122/130 MP: 12/12
 13797 | Lair:3   | Found a staircase to the Snake Pit.
 14384 | Lair:4   | Found a staircase to the Swamp.
 14584 | Lair:4   | Noticed Rupert
 14610 | Lair:4   | Killed Rupert
 14610 | Lair:4   | Reached skill level 15 in Unarmed Combat
 15096 | Lair:4   | Noticed Harold
 15106 | Lair:4   | Killed Harold
 16017 | Lair:5   | Learned a level 2 spell: Blink
 16806 | Lair:6   | Entered Level 6 of the Lair of Beasts
 17051 | Lair:6   | Found a staircase to the Slime Pits.
 17250 | Lair:6   | Found a runed door.
 17413 | Lair:6   | Reached XP level 14. HP: 97/141 MP: 13/13
 17418 | Lair:6   | Reached skill level 10 in Dodging
 17659 | Lair:6   | Paralysed by a hornet for 3 turns
 17984 | Lair:6   | Reached skill level 16 in Unarmed Combat
 18441 | Lair:6   | Gained mutation: You cannot study or use magical devices. [Ru sacrifice]
 18441 | Lair:6   | Reached **** piety under Ru
 18441 | Lair:6   | Reached ***** piety under Ru
 18543 | Lair:6   | Reached skill level 10 in Fighting
 19029 | Orc:1    | Entered Level 1 of the Orcish Mines
 19406 | Orc:2    | Entered Level 2 of the Orcish Mines
 19461 | Orc:2    | Found a staircase to the Elven Halls.
 19585 | Orc:2    | Noticed Maurice
 19592 | Orc:2    | Killed Maurice
 20381 | Orc:2    | Found Mesiojuy's Jewellery Shoppe.
 20381 | Orc:2    | Found Urytha's Distillery.
 20431 | Orc:2    | Found Red Lyliom's General Store.
 20431 | Orc:2    | Found Qutt's Antique Weapon Shoppe.
 20439 | Orc:2    | Bought an uncursed ring of protection from fire for 375 gold pieces
 20446 | Orc:2    | Bought a +3 ring of evasion for 336 gold pieces
 20456 | Orc:2    | Bought a potion of haste for 150 gold pieces
 20458 | Orc:2    | Bought 2 potions of heal wounds for 150 gold pieces
 20458 | Orc:2    | Bought a potion of heal wounds for 75 gold pieces
 20458 | Orc:2    | Bought a potion of heal wounds for 75 gold pieces
 20458 | Orc:2    | Bought a potion of heal wounds for 75 gold pieces
 20458 | Orc:2    | Bought a potion of might for 60 gold pieces
 20670 | D:11     | Gained mutation: You are hated by all. [Ru sacrifice]
 21103 | D:12     | Noticed Erolcha
 21109 | D:12     | Killed Erolcha
 21765 | D:12     | Found Liwifoos's Assorted Antiques.
 21768 | D:12     | Bought a potion of might for 84 gold pieces
 22290 | D:13     | Reached skill level 17 in Unarmed Combat
 22382 | D:13     | Reached skill level 10 in Throwing
 22382 | D:13     | Reached XP level 15. HP: 152/152 MP: 14/14
 22633 | D:13     | Found a shimmering altar of Xom.
 22794 | D:14     | Gained mutation: Your casting is slightly disrupted. [Ru sacrifice]
 23165 | D:14     | Reached skill level 1 in Shields
 23264 | D:14     | Reached skill level 5 in Shields
 23265 | D:14     | Found a gate to the Vaults.
 23580 | D:15     | Entered Level 15 of the Dungeon
 23580 | D:15     | Noticed Agrougrou's ghost (journeyman DsFi)
 23601 | D:15     | Killed Agrougrou's ghost
 24016 | D:15     | Found a staircase to the Depths.
 24562 | Swamp:1  | Entered Level 1 of the Swamp
 24660 | Swamp:1  | Noticed Kirke
 24693 | Swamp:1  | Killed Kirke
 25130 | Swamp:1  | Noticed Donald
 25143 | Swamp:1  | Killed Donald
 25364 | Swamp:1  | Noticed Nikola
 25379 | Swamp:1  | Killed Nikola
 25884 | Swamp:2  | Gained mutation: Your magical capacity is low. (-10% MP) [Ru sacrifice]
 25884 | Swamp:2  | Reached ****** piety under Ru
 26568 | Swamp:2  | Reached XP level 16. HP: 162/162 MP: 13/13
 26720 | Swamp:2  | Noticed Roxanne
 26746 | Swamp:2  | Killed Roxanne
 27609 | Swamp:3  | Reached skill level 18 in Unarmed Combat
 27769 | Swamp:3  | Noticed a thorn hunter
 27779 | Swamp:3  | Killed a thorn hunter
 28546 | Swamp:4  | Entered Level 4 of the Swamp
 30179 | Swamp:4  | Got a decaying rune of Zot
 30542 | Snake:1  | Entered Level 1 of the Snake Pit
 30645 | Snake:1  | Reached XP level 17. HP: 144/171 MP: 14/14
 30732 | Snake:1  | Found Foeti's Book Emporium.
 30734 | Snake:1  | Found Sic Yteu's Book Shoppe.
 30742 | Snake:1  | Found Lefoh's Distillery.
 30753 | Snake:1  | Bought a potion of haste for 150 gold pieces
 30753 | Snake:1  | Bought a potion of cancellation for 120 gold pieces
 30753 | Snake:1  | Bought a potion of heal wounds for 75 gold pieces
 30753 | Snake:1  | Bought a potion of might for 60 gold pieces
 30753 | Snake:1  | Bought a potion of haste for 150 gold pieces
 31410 | Snake:1  | Reached skill level 10 in Shields
 32053 | Snake:2  | Reached skill level 19 in Unarmed Combat
 33986 | Snake:4  | Entered Level 4 of the Snake Pit
 36206 | Snake:4  | Reached XP level 18. HP: 182/182 MP: 15/15
 36502 | Snake:4  | Reached skill level 20 in Unarmed Combat
 36912 | Snake:4  | Noticed Jorgrun
 36933 | Snake:4  | Killed Jorgrun
 37470 | Snake:4  | Got a serpentine rune of Zot
 38022 | Vaults:1 | Entered Level 1 of the Vaults
 38066 | Vaults:1 | Gained mutation: Your flesh is cold resistant. (rC+) [mutagenic meat]
 38342 | Vaults:1 | Noticed Aizul
 38358 | Vaults:1 | Killed Aizul
 39256 | Vaults:1 | Reached XP level 19. HP: 145/192 MP: 16/16
 39470 | D:14     | HP: 1/192 [ice dragon/blast of cold (19)]
 39471 | D:14     | Mangled by an ice dragon

Skill      XL: |  1  2  3  4  5  6  7  8  9 10 11 12 13 14 15 16 17 18 |
---------------+-------------------------------------------------------+-----
Unarmed Combat | 4 5 6 7 8 9 11 12 13 14 15 17 18 19 20 | 20.7
Fighting       | 3 4 5 6 7 8 9 10 11 12 13 | 13.0
Dodging        | 3 5 6 7 9 10 11 12 13 | 13.3
Throwing       | 3 4 6 7 8 10 11 12 13 | 13.0
Shields        | 8 9 10 11 | 11.3
Stealth        | |  1.0

Action                   |  1- 3 |  4- 6 |  7- 9 | 10-12 | 13-15 | 16-18 | 19-21 || total
-------------------------+-------+-------+-------+-------+-------+-------+-------++-------
Melee: Unarmed           |    78 |   172 |   323 |   628 |  1332 |  1591 |    63 ||  4187
       Punch             |       |     2 |    14 |    60 |   102 |       |       ||   178
Throw: Tomahawk          |       |       |     3 |    41 |    53 |    62 |     1 ||   160
       Stone             |       |       |     2 |    14 |       |       |       ||    16
       Large rock        |       |       |       |     8 |     9 |     5 |       ||    22
       Throwing net      |       |       |       |     1 |     3 |       |       ||     4
 Cast: Passwall          |       |       |       |     2 |       |       |       ||     2
Invok: Renounce Religion |       |       |     1 |       |       |       |       ||     1
       Sacrifice Arcana  |       |       |     1 |       |       |       |       ||     1
       Sacrifice Words   |       |       |       |     1 |       |       |       ||     1
       Sacrifice Durabil |       |       |       |     1 |       |       |       ||     1
       Reject Sacrifices |       |       |       |     1 |       |       |       ||     1
       Draw Out Power    |       |       |       |       |     3 |       |       ||     3
       Apocalypse        |       |       |       |       |     3 |     6 |       ||     9
       Sacrifice Artific |       |       |       |       |     1 |       |       ||     1
       Sacrifice Love    |       |       |       |       |     1 |       |       ||     1
       Sacrifice Essence |       |       |       |       |     2 |       |       ||     2
       Power Leap        |       |       |       |       |       |     1 |     1 ||     2
Evoke: Wand              |       |       |     1 |    11 |       |       |       ||    12
  Use: Potion            |     6 |     3 |     2 |     2 |     2 |       |       ||    15
       Scroll            |     3 |     1 |    10 |    11 |     7 |     3 |       ||    35
 Stab: Sleeping          |     1 |     1 |     4 |     5 |     8 |       |       ||    19
       Distracted        |       |     1 |       |     2 |    10 |    12 |       ||    25
       Invisible         |       |       |       |     2 |    13 |    27 |     2 ||    44
       Held in net/web   |       |       |       |     2 |     3 |       |       ||     5
       Paralysed         |       |       |       |       |     7 |    18 |       ||    25
  Eat: Chunk             |    11 |    21 |    36 |    64 |   119 |   116 |     2 ||   369
       Fruit             |       |       |       |       |       |     7 |       ||     7
Armor: Robe              |    23 |    61 |    65 |   167 |   223 |    13 |     4 ||   556
       Skin              |       |       |       |     2 |       |       |       ||     2
       Swamp dragon scal |       |       |       |       |       |   169 |       ||   169
Dodge: Dodged            |    34 |   101 |   136 |   377 |   745 |   550 |    35 ||  1978
Block: Shield            |       |       |       |       |   181 |   492 |       ||   673
       Large shield      |       |       |       |       |       |   284 |    60 ||   344
